 Dungeon Crawl Stone Soup version 0.25-a0-558-g78a2afb0af (webtiles) character file.

Game seed: 528856031242477774, levelgen mode: deterministic

5644 Eurus the Thaumaturge (level 10, -5/76 HPs)
             Began as a Mummy Conjurer on Feb 25, 2020.
             Was a Follower of Ashenzari.
             Slain by a hippogriff (7 damage)
             ... on level 9 of the Dungeon.
             The game lasted 00:33:25 (13544 turns).

Eurus the Thaumaturge (Mummy Conjurer)             Turns: 13544, Time: 00:33:26

Health: -5/76      AC:  6    Str: 11    XL:     10   Next: 46%
Magic:  11/23      EV: 12    Int: 18    God:    Ashenzari [*.....]
Gold:   480        SH:  5    Dex: 13    Spells: 20/27 levels left

rFire    x . .     SeeInvis +   p - +3 hand axe (elec)
rCold    + . .     Gourm    .   l - +0 buckler
rNeg     + + +     Faith    .   o - +1 robe {MR+} (curse)
rPois    ∞         Spirit   .   m - +0 helmet
rElec    .         Reflect  .   n - +0 cloak
rCorr    .         Harm     .   q - +0 pair of gloves
MR       +++..                  (no boots)
Stlth    ++........             v - amulet of regeneration
HPRegen  0.62/turn              k - ring of protection from magic
MPRegen  0.18/turn              b - ring of see invisible

@: no status effects
A: no food or potions, fire vulnerability, cold resistance 1, negative energy
resistance 3, torment resistance, unbreathing
a: Curse Item, Scrying, Renounce Religion


You were on level 9 of the Dungeon.
You worshipped Ashenzari.
Ashenzari was aware of your devotion.
You were not hungry.

You visited 2 branches of the dungeon, and saw 10 of its levels.
You also visited: Sewer.

You collected 480 gold pieces.

Inventory:

Hand Weapons
 p - a +3 hand axe of electrocution (weapon)
Armour
 l - a +0 buckler (worn)
 m - a +0 helmet (worn)
 n - a +0 cloak (worn)
 o - a cursed +1 robe of magic resistance (worn)
 q - a +0 pair of gloves (worn)
 t - a +0 troll leather armour
Jewellery
 b - a ring of see invisible (right hand)
 f - an uncursed ring of fire
 k - a ring of protection from magic (left hand)
 v - an amulet of regeneration (around neck)
Wands
 e - a wand of scattershot (2)
 r - a wand of polymorph (17)
 s - a wand of iceblast (7)
Scrolls
 a - a scroll of remove curse
 c - 2 scrolls of fog
 d - a scroll of blinking
 g - 5 scrolls of identify
 h - a scroll of enchant weapon
 i - a scroll of enchant armour
 j - 5 scrolls of teleportation


   Skills:
 + Level 6.1 Fighting
 - Level 1.5 Dodging
 - Level 1.5 Stealth
 + Level 6.1 Shields
 + Level 9.2 Spellcasting
 + Level 7.5 Conjurations
 + Level 4.6 Translocations


You had 20 spell levels left.
You knew the following spells:

 Your Spells              Type           Power        Failure   Level  Hunger
a - Magic Dart            Conj           ####         1%          1    N/A
b - Searing Ray           Conj           #####.       1%          2    N/A
c - Iskenderun's Mystic   Conj/Tloc      ####....     7%          4    N/A

Your spell library contained the following spells:

 Spells                   Type           Power        Failure   Level  Hunger
 Dazzling Flash           Conj/Hex       ###...       5%          3    N/A
 Fulminant Prism          Conj/Hex       ###.......   19%         4    N/A

Dungeon Overview and Level Annotations

Branches:
Dungeon (9/15)             Temple (1/1) D:5           Sewer (visited)
   Lair: D:8-11         Orc: D:9-12

Altars:
Ashenzari
Cheibriados
Dithmenos
Elyvilon
Fedhas
Hepliaklqana
Kikubaaqudgha
Makhleb
Nemelex Xobeh
Okawaru
Qazlal
Ru
Sif Muna
Trog
Uskayaw
Vehumet
Wu Jian
Xom
Yredelemnul
Zin
The Shining One

Shops:
D:5 (

Annotations:
D:2 Sigmund
D:3 1 exclusion
D:5 Grinder
D:6 exclusion: 2 centaurs


Innate Abilities, Weirdness & Mutations

You do not eat or drink.
Your flesh is vulnerable to fire.
You are immune to poison.
Your flesh is cold resistant. (rC+)
You are immune to negative energy. (rN+++)
You are immune to unholy pain and torment.
You can survive without breathing.


Message History

Casting: Searing Ray (safe; 1% risk of failure)
Confirm with . or Enter, or press ? or * to list all spells.
Aiming: Searing Ray (safe; 1% risk of failure)
Press: ? - help, Shift-Dir - straight line, f - hippogriff
Aim: a hippogriff (heavily wounded)
The searing ray hits the hippogriff!
The hippogriff is severely wounded. (Press . to maintain the ray.)
The hippogriff bites you.
* * * LOW HITPOINT WARNING * * *
The hippogriff pecks you but does no damage.
The hippogriff closely misses you.
The searing ray hits the hippogriff!
The hippogriff is almost dead.
The hippogriff bites you.
* * * LOW HITPOINT WARNING * * *
The hippogriff pecks you!
* * * LOW HITPOINT WARNING * * *
The hippogriff claws you!
You die...

## ##. #.. #.#
#.# #@#
#######H#
#.......#
#.......#
#.......#
#.......#
.#####.......##
...............#
.#.........$...#


You could see a hippogriff.

Vanquished Creatures
  An ogre mage (D:9)
  A troll (D:9)
  A slime creature (D:9)
  Prince Ribbit (D:7)
  A hippogriff (shapeshifter) (D:9)
  A wraith (D:9)
  A hungry ghost (D:7)
  A steam dragon (D:9)
  An ice beast (D:7)
  2 black bears
  4 sky beasts
  A phantom (D:5)
  5 ogres
  2 centaurs
  2 necrophages
  9 bullfrogs
  A wyvern skeleton (D:8)
  2 scorpions
  3 killer bees
  A water moccasin skeleton (D:8)
  3 howler monkeys (D:8)
  4 crimson imps
  A bullfrog zombie (D:5)
  2 jellies
  An orc priest (D:8)
  5 hounds
  3 bullfrog skeletons
  Natasha (D:2)
  Terence (D:2)
  5 iguanas
  8 orc wizards
  3 worker ants
  A worker ant zombie (D:8)
  10 adders
  9 gnolls
  A river rat (D:3)
  3 shadow imps
  8 oozes (Sewer)
  2 adder skeletons
  2 worms
  2 dart slugs (D:3)
  12 leopard geckos
  24 orcs
  23 giant cockroaches
  3 goblins
  7 hobgoblins
  6 jackals
  10 quokkas
  14 ball pythons
  8 bats
  16 frilled lizards
  13 kobolds
  A leopard gecko skeleton (D:5)
  A quokka skeleton (D:7)
  4 rats
  A spectral orc (D:7)
259 creatures vanquished.

Vanquished Creatures (others)
  A plant (D:2)
1 creature vanquished.

Grand Total: 260 creatures vanquished

Notes
Turn   | Place    | Note
-------+----------+-------------------------------------------
     0 | D:1      | Eurus the Mummy Conjurer began the quest for the Orb.
     0 | D:1      | Reached XP level 1. HP: 13/13 MP: 4/4
   453 | D:1      | Reached XP level 2. HP: 20/20 MP: 1/5
   457 | D:1      | Learned a level 2 spell: Searing Ray
   907 | D:1      | Reached skill level 3 in Spellcasting
  1239 | D:2      | Reached skill level 1 in Fighting
  1253 | D:2      | Noticed Sigmund
  1689 | D:2      | Noticed Terence
  1843 | D:2      | Reached XP level 3. HP: 26/26 MP: 0/7
  2023 | D:2      | Found an iron altar of Okawaru.
  2023 | D:2      | Noticed Natasha
  2222 | D:3      | HP: 1/26 [hound (3)]
  2224 | D:2      | Reached XP level 4. HP: 1/32 MP: 0/9
  2576 | D:3      | Found a glowing drain.
  2600 | Sewer    | Entered a sewer
  2916 | Sewer    | Reached XP level 5. HP: 38/38 MP: 2/10
  3018 | Sewer    | Reached skill level 4 in Spellcasting
  3551 | Sewer    | Reached XP level 6. HP: 37/46 MP: 4/12
  3712 | Sewer    | Reached skill level 5 in Conjurations
  4231 | D:3      | Found a sacrificial altar of Ru.
  4982 | D:3      | Reached skill level 1 in Shields
  4982 | D:3      | Reached skill level 5 in Spellcasting
  5045 | D:3      | You fall into a shaft and drop 2 floors!
  5045 | D:5      | Entered Level 5 of the Dungeon
  5128 | D:5      | Found Sofryet's Antique Weapon Boutique.
  5171 | D:5      | Reached XP level 7. HP: 51/52 MP: 6/14
  6248 | D:5      | Found a shimmering altar of Xom.
  6248 | D:5      | Found a shimmering altar of Xom.
  6471 | D:5      | Reached skill level 6 in Spellcasting
  6520 | D:5      | Found a staircase to the Ecumenical Temple.
  6609 | Temple   | Entered the Ecumenical Temple
  6687 | Temple   | Became a worshipper of Ashenzari the Shackled
  6794 | D:5      | Noticed Grinder
  6931 | D:5      | Found a shimmering altar of Xom.
  6932 | D:5      | Found a shimmering altar of Xom.
  6933 | D:5      | Found a shimmering altar of Xom.
  7165 | D:4      | Learned a level 4 spell: Iskenderun's Mystic Blast
  7546 | D:2      | Killed Terence
  7725 | D:2      | Killed Natasha
  7725 | D:2      | Reached XP level 8. HP: 58/58 MP: 13/17
  8779 | D:6      | Found a radiant altar of Vehumet.
  8964 | D:6      | Reached skill level 1 in Translocations
  9872 | D:7      | Reached skill level 7 in Spellcasting
 10323 | D:7      | Reached XP level 9. HP: 65/65 MP: 16/19
 10547 | D:7      | Reached * piety under Ashenzari
 10594 | D:7      | Noticed Prince Ribbit
 10605 | D:7      | Killed Prince Ribbit
 10662 | D:7      | Reached skill level 5 in Shields
 11087 | D:7      | Found a basalt altar of Yredelemnul.
 11430 | D:8      | Reached skill level 8 in Spellcasting
 11480 | D:8      | Reached skill level 5 in Fighting
 11910 | D:8      | Noticed a two-headed ogre
 12101 | D:8      | Found a snail-covered altar of Cheibriados.
 12101 | D:8      | Found an ornate altar of the Wu Jian Council.
 12433 | D:8      | HP: 2/68 [two-headed ogre/+0 giant club (16)]
 12566 | D:9      | Noticed a troll
 12881 | D:9      | Reached XP level 10. HP: 68/74 MP: 17/22
 13083 | D:9      | Noticed an ogre mage
 13094 | D:9      | Killed an ogre mage
 13143 | D:9      | Reached skill level 9 in Spellcasting
 13460 | D:9      | Identified the +1 plate armour of Pan-Flutes {rElec SInv
                  | Stlth+}
 13460 | D:9      | Noticed an ogre mage
 13518 | D:9      | Noticed a centaur warrior
 13544 | D:9      | HP: 2/76 [hippogriff (7)]
 13544 | D:9      | Slain by a hippogriff

Levels and vault maps discovered:
D:1:      dpeg_arrival_arbitrary_b, layout_basic
D:2:      wad_woods_stonehenge, layout_basic, palyth_stone_intersect,
          uniq_terence, uniq_sigmund, uniq_natasha
D:3:      layout_loops_corners, lemuel_doored_altar, serial_glass,
          glass_columns_a, glass_columns_a, feat_on_display, feat_on_display,
          item_on_display_a, portal_sewer_entry_b,
          corexii_item_surrounded_by_moat, minmay_misc_feat_pillars
D:4:      layout_loops_corners
D:5:      layout_cave_pods, xom_redecorated, minmay_temple_entry_stoned_glass,
          first_ration, serial_shops, shop_coins, uniq_grinder
D:6:      layout_rooms, fiery_altar_vehumet
D:7:      layout_gridville, yredelemnul_forgotten_temple_becter,
          grunt_ogre_cave, minmay_door_square, uniq_prince_ribbit1
D:8:      corexii_shack_village, layout_rooms, grunt_temple_overflow_open
D:9:      layout_rooms, marbit_many_paths, erik_lair_island, minmay_evil_grid
Temple:   regret_index_temple_waves

Skill      XL: |  1  2  3  4  5  6  7  8  9 10 |
---------------+-------------------------------+-----
Spellcasting   | 3 4 5 6 7 8 9 |  9.2
Fighting       | 1 2 3 5 6 |  6.1
Conjurations   | 4 5 6 7 |  7.5
Shields        | 1 3 4 5 6 |  6.1
Translocations | 2 3 4 |  4.6
Dodging        | |  1.5
Stealth        | |  1.5

Action                   |  1- 3 |  4- 6 |  7- 9 | 10-12 || total
-------------------------+-------+-------+-------+-------++-------
Melee: Unarmed           |     8 |       |       |       ||     8
       Dagger            |    41 |   115 |     8 |       ||   164
       Hand axe          |       |       |    70 |     9 ||    79
 Cast: Magic Dart        |    64 |   119 |   113 |     5 ||   301
       Searing Ray       |     1 |    17 |    82 |    19 ||   119
Invok: Curse Item        |       |       |     1 |       ||     1
  Use: Scroll            |     2 |       |    10 |     2 ||    14
 Stab: Sleeping          |       |       |     1 |       ||     1
Armor: Robe              |    20 |    25 |    43 |    16 ||   104
Dodge: Dodged            |    53 |   100 |   109 |    29 ||   291
Block: Buckler           |       |       |    49 |    10 ||    59

Table legend:
 A = Non-vault XP
 B = Vault XP
 C = Vault XP percentage of total XP
 D = Non-vault monster count
 E = Vault monster count
 F = Vault count percentage of total count
                 A         B        C        D         E       F
            +---------+---------+-------+---------+---------+-------
      Total |    5207 |    2856 |  35.4 |     168 |      91 |  35.1
            +---------+---------+-------+---------+---------+-------
        D:1 |      20 |       0 |   0.0 |      11 |       0 |   0.0
        D:2 |      65 |      84 |  56.4 |      15 |       8 |  34.8
        D:3 |     166 |      28 |  14.4 |      24 |       8 |  25.0
        D:4 |     180 |       0 |   0.0 |       9 |       0 |   0.0
        D:5 |     694 |       0 |   0.0 |      21 |       0 |   0.0
        D:6 |     395 |       0 |   0.0 |      10 |       0 |   0.0
        D:7 |    1539 |     383 |  19.9 |      32 |       3 |   8.6
        D:8 |    1392 |       8 |   0.6 |      35 |       5 |  12.5
        D:9 |     756 |    1968 |  72.2 |      11 |       7 |  38.9
      Sewer |       0 |     385 | 100.0 |       0 |      60 | 100.0
            +---------+---------+-------+---------+---------+-------
